 Dungeon Crawl Stone Soup version 0.28-a0-691-gad6df49e81 (webtiles) character file.

Game seed: 12470859441893145432

138546 freelancePsychic the Warrior (level 17, -5/148 HPs)
             Began as a Formicid Fighter on Oct 20, 2021.
             Was the Champion of Okawaru.
             Slain by a jumping spider (12 damage)
             ... on level 3 of the Spider Nest.
             The game lasted 00:53:52 (32281 turns).

freelancePsychic the Warrior (Formicid Fighter)    Turns: 32281, Time: 00:53:52

Health: -5/148     AC: 32    Str: 23    XL:     17   Next: 86%
Magic:  25/25      EV:  4    Int: 11    God:    Okawaru [******]
Gold:   776        SH:  0    Dex: 14    Spells: 16/16 levels left

rFire   . . .      SeeInvis +   a - +7 lajatang (elec)
rCold   . . .      Faith    .   i - +2 tower shield
rNeg    . . .      Spirit   .   R - +1 crystal plate armour
rPois   +          Reflect  .   (helmet unavailable)
rElec   .          Harm     .   f - +0 cloak
rCorr   .          Rampage  .   Y - +0 pair of gloves
Will    +....                   s - +0 pair of boots
Stlth   ..........              q - amulet of the acrobat
HPRegen 0.34/turn               k - ring of poison resistance
MPRegen 0.19/turn               n - +4 ring of protection

@: confused, very slightly contaminated, held, invisible
A: permanent stasis, dig shafts and tunnels, antennae 3, four strong arms,
strong 1
a: Dig, Shaft Self, Renounce Religion, Heroism, Finesse, Duel


You were on level 3 of the Spider Nest.
You worshipped Okawaru.
Okawaru was exalted by your worship.
You visited 5 branches of the dungeon, and saw 27 of its levels.
You visited 1 bazaar.

You collected 2444 gold pieces.
You spent 1668 gold pieces at shops.

Inventory:

Hand Weapons
 a - a +7 lajatang of electrocution (weapon)
 b - a +7 quarterstaff of draining
Missiles
 e - 73 poisoned darts
 o - 17 silver boomerangs
 F - 13 boomerangs (quivered)
 N - 3 silver javelins
 U - 5 curare-tipped darts
Armour
 f - a +0 cloak (worn)
 i - a +2 tower shield (worn)
 s - a +0 pair of boots (worn)
 R - a +1 crystal plate armour (worn)
 Y - a +0 pair of gloves (worn)
Jewellery
 k - a ring of poison resistance (left hand)
 n - a +4 ring of protection (right hand)
 q - an amulet of the acrobat (around neck)
 r - an amulet of faith
 z - a ring of ice
 C - a ring of flight
 D - a ring of the Octopus King {rCorr AC+1 EV+1 Str+1 Int+1 Dex+1}
   (You found it on level 6 of the Lair of Beasts)

   [ring of resist corrosion]

   AC:        It affects your AC (+1).
   EV:        It affects your evasion (+1).
   Str:       It affects your strength (+1).
   Int:       It affects your intelligence (+1).
   Dex:       It affects your dexterity (+1).
   rCorr:     It protects you from acid and corrosion.
 J - a ring of positive energy
Wands
 h - a wand of digging (6)
 t - a wand of acid (7)
 u - a wand of flame (70)
 y - a wand of polymorph (10)
 S - a wand of mindburst (7)
 V - a wand of paralysis (22)
Scrolls
 l - 3 scrolls of vulnerability
 v - 3 scrolls of torment
 x - 4 scrolls of identify {@r1}
 I - a scroll of magic mapping
 K - 2 scrolls of amnesia
 M - 6 scrolls of fog
 Q - 3 scrolls of noise
 T - 2 scrolls of immolation
 W - 4 scrolls of enchant armour
Potions
 d - 2 potions of might
 g - 4 potions of heal wounds {@q2}
 j - 3 potions of lignification
 m - 2 potions of ambrosia
 p - 3 potions of brilliance
 B - 4 potions of curing {@q1}
 E - 3 potions of attraction
 G - 2 potions of invisibility
 L - a potion of flight
 P - 3 potions of magic
 X - a potion of berserk rage
 Z - 2 potions of mutation
Miscellaneous
 c - a condenser vane (inert)
 w - a phial of floods (inert)
 H - a phantom mirror


   Skills:
 - Level 17.4 Fighting
 - Level 14.0 Staves
 - Level 7.5 Throwing
 + Level 14.0 Armour
 + Level 6.4 Dodging
 - Level 15.0 Shields
 - Level 11.2 Invocations
 + Level 6.7 Evocations


You had 16 spell levels left.
You didn't know any spells.
Your spell library contained the following spells:

 Spells                   Type           Power      Damage    Failure   Level
 Foxfire                  Conj/Fire      0%         2x1d4     100%        1
 Pain                     Necr           0%         1d4       100%        1
 Shock                    Conj/Air       0%         1d3       100%        1
 Poisonous Vapours        Pois/Air       0%         N/A       100%        2
 Slow                     Hex            0%         N/A       100%        2
 Static Discharge         Conj/Air       0%         N/A       100%        2
 Confusing Touch          Hex            0%         N/A       100%        3
 Conjure Flame            Conj/Fire      0%         6-21      100%        3
 Inner Flame              Hex/Fire       0%         N/A       100%        3
 Portal Projectile        Hex/Tloc       0%         N/A       100%        3
 Vampiric Draining        Necr           0%         2d6       100%        3
 Cause Fear               Hex            0%         N/A       100%        4
 Dispel Undead            Necr           0%         3d6       100%        4
 Flame Wave               Conj/Fire      0%         3d3       100%        4
 Fulminant Prism          Conj/Hex       0%         3d6       100%        4
 Iskenderun's Mystic Bla  Conj/Tloc      0%         2d3       100%        4
 Leda's Liquefaction      Hex/Erth       0%         N/A       100%        4
 Sticky Flame             Conj/Fire      0%         2d3       100%        4
 Agony                    Necr           0%         N/A       100%        5
 Borgnjor's Vile Clutch   Necr/Erth      0%         N/A       100%        5
 Excruciating Wounds      Necr           0%         N/A       100%        5
 Lee's Rapid Deconstruct  Erth           0%         3d5*      100%        5
 Lightning Bolt           Conj/Air       0%         1d11      100%        5
 Discord                  Hex            0%         N/A       100%        8
 Animate Skeleton         Necr           Unusable   N/A       N/A         1
 Call Canine Familiar     Summ           Unusable   N/A       N/A         3
 Animate Dead             Necr           Unusable   N/A       N/A         4
 Summon Lightning Spire   Summ/Air       Unusable   N/A       N/A         4
 Death Channel            Necr           Unusable   N/A       N/A         6

Dungeon Overview and Level Annotations

Branches:
Dungeon (15/15)            Temple (1/1) D:6            Lair (6/6) D:11
  Swamp (0/4) Lair:2       Spider (3/4) Lair:4        Slime (0/5) Lair:6
    Orc (2/2) D:9             Elf (0/3) Orc:2        Vaults (0/5) D:13
 Depths (0/4) D:15

Altars:
Ashenzari
Cheibriados
Dithmenos
Elyvilon
Fedhas
Gozag
Hepliaklqana
Kikubaaqudgha
Makhleb
Nemelex Xobeh
Okawaru
Qazlal
Ru
Sif Muna
Trog
Uskayaw
Vehumet
Wu Jian
Xom
Yredelemnul
Zin
The Shining One
Beogh

Shops:
D:9 (   D:11 *   D:15 **   Orc:2 ?*:(=

Annotations:
Lair:6 exclusion: oklob plant


Innate Abilities, Weirdness & Mutations

You cannot be hasted, slowed, berserked, paralysed or teleported.
You can dig through walls and to a lower floor.
You have a pair of large antennae on your head. (SInv)
Your four strong arms can wield two-handed weapons with a shield.
Your muscles are strong. (Str +2)


Message History

* * * LOW HITPOINT WARNING * * *
The jumping spider pounces on you.
* * * LOW HITPOINT WARNING * * *
You are even more entangled.
The jumping spider bites you but does no damage.
The jumping spider pounces on you but does no damage.
The jumping spider bites you but does no damage.
The jumping spider completely misses you.
The jumping spider bites you but does no damage.
The tarantella touches you!
* * * LOW HITPOINT WARNING * * *
You are more confused.
The jumping spider pounces on you but does no damage.
The jumping spider bites you but does no damage.
The jumping spider pounces on you but does no damage.
The jumping spider bites you but does no damage.
You feel much better. The jumping spider pounces on you!
* * * LOW HITPOINT WARNING * * *
The jumping spider bites you.
* * * LOW HITPOINT WARNING * * *
The tarantella barely misses you.
The jumping spider pounces on you but does no damage.
The jumping spider bites you but does no damage.
The jumping spider pounces on you but does no damage.
The jumping spider bites you but does no damage.
The jumping spider pounces on you but does no damage.
The jumping spider bites you!
* * * LOW HITPOINT WARNING * * *
The tarantella touches you.
* * * LOW HITPOINT WARNING * * *
The jumping spider pounces on you but does no damage.
The jumping spider barely misses you.
The jumping spider pounces on you but does no damage.
The jumping spider completely misses you.
You feel much better. The jumping spider pounces on you!
* * * LOW HITPOINT WARNING * * *
The jumping spider bites you but does no damage.
The tarantella touches you but does no damage.
The jumping spider pounces on you!
You die...

.^.....
.............°.^..... .#
.... .................... ##
#... ##.................. #
#.^..#..............?^... ##
#..!...............^. .#
###.................. ##
#####.......s........... #
.. ##^.......sss............
#...
#.........s@s...s........
#...
#..###......s..........#.
...
##..##........s!.......°#
....#....^..................
##.^.......................
######...^................
^##......)...............
##...................^..
............^#.......


You could see 2 orb spiders, 6 jumping spiders and a tarantella (berserk).

Vanquished Creatures
  2 orc warlords (Orc:2)
  2 emperor scorpions (Spider:2)
  3 spark wasps (Spider:2)
  2 entropy weavers
  A dire elephant (Lair:6)
  6 boulder beetles
  4 vault guards
  Erolcha (Arena)
  8 hydras
  2 rakshasas
  A merfolk avatar (Lair:6)
  2 ogre magi
  3 death knights
  12 two-headed ogres
  2 tengu warriors
  3 centaur warriors
  A two-headed ogre (shapeshifter) (D:15)
  11 death yaks
  An orc high priest (Orc:2)
  Nergalle (Orc:2)
  3 skeletal warriors
  A sea snake (Lair:6)
  A glowing orange brain (D:15)
  2 phantasmal warriors (D:13)
  4 deep elf pyromancers
  A harpy (Lair:6)
  11 orb spiders
  2 orc knights
  18 wolf spiders
  9 orc sorcerers
  16 ugly things
  3 oklob plants (Lair:6)
  7 manticores
  3 moths of wrath (Spider:2)
  6 cyclopes
  14 elephants
  A black mamba (Lair:6)
  10 cane toads
  A torpor snail (Spider:1)
  3 gargoyles
  An efreet (D:13)
  4 rime drakes
  A tengu conjurer (D:15)
  3 freezing wraiths
  A redback zombie (D:9)
  4 demonic crawlers
  9 komodo dragons
  3 hellwings (D:9)
  A kobold demonologist (D:11)
  11 trolls
  17 jumping spiders
  A wolf spider simulacrum (D:12)
  3 meliai (Spider:3)
  2 polar bears (Lair:6)
  4 hornets
  7 blink frogs
  5 snapping turtles (Lair:6)
  19 slime creatures
  2 meliai zombies
  7 dream sheep (Lair:6)
  24 redbacks
  2 shadows
  39 yaks
  22 tarantellas
  8 wraiths
  Sigmund (D:2)
  A fire bat (shapeshifter) (D:11)
  2 wyverns
  4 steam dragons
  7 basilisks
  A warg (Orc:2)
  25 vampire mosquitoes
  5 acid dragons
  13 water moccasins
  2 ice beasts (D:7)
  A hornet zombie (D:7)
  18 orc warriors
  A sky beast (D:3)
  2 necrophages (D:7)
  9 ogres
  5 wolves
  6 centaurs
  A phantom (D:5)
  4 kobold brigands
  15 bullfrogs
  A gnoll sergeant (Orc:2)
  6 scorpions
  A water moccasin zombie (D:6)
  A water moccasin skeleton (D:6)
  9 electric eels
  7 howler monkeys
  7 centaur zombies
  4 crimson imps (D:11)
  3 hounds
  2 jellies (D:6)
  10 orc priests
  2 gnoll shamans
  A bullfrog skeleton (D:6)
  2 iguanas
  9 hell rats
  24 orc wizards
  A hound zombie (D:5)
  A hound skeleton (D:3)
  4 howler monkey zombies
  22 gnolls
  7 adders
  5 river rats
  A white imp (D:7)
  2 ufetubi
  An adder skeleton (D:4)
  A worm (D:2)
  4 dart slugs
  69 orcs
  5 ball pythons
  5 bats
  3 endoplasms
  6 giant cockroaches
  5 goblins
  3 hobgoblins
  4 jackals (D:1)
  20 kobolds
  4 quokkas
  4 frilled lizards
  8 rats
781 creatures vanquished.

Vanquished Creatures (others)
  An orb spider (Spider:3)
  An unseen horror (D:11)
  A wyvern (Lair:6)
  An orc wizard (Orc:2)
  An orc (Orc:2)
  8 fungi
  48 plants
61 creatures vanquished.

Grand Total: 842 creatures vanquished

Notes
Turn   | Place    | Note
-------+----------+-------------------------------------------
     0 | D:1      | freelancePsychic the Formicid Fighter began the quest for
                  | the Orb.
     0 | D:1      | Reached XP level 1. HP: 18/18 MP: 1/1
   251 | D:1      | Reached XP level 2. HP: 24/24 MP: 2/2
   551 | D:1      | Reached XP level 3. HP: 30/30 MP: 3/3
  1218 | D:2      | Noticed Sigmund
  1229 | D:2      | Killed Sigmund
  1230 | D:2      | Reached skill level 4 in Fighting
  1230 | D:2      | Reached skill level 1 in Throwing
  1230 | D:2      | Reached XP level 4. HP: 28/38 MP: 4/4
  1230 | D:2      | Reached XP level 5. HP: 32/43 MP: 5/5
  1230 | D:2      | Reached XP level 6. HP: 36/49 MP: 6/6
  1797 | D:3      | Noticed a sky beast
  2077 | D:4      | Reached skill level 5 in Staves
  2452 | D:4      | Reached skill level 5 in Fighting
  2452 | D:4      | Reached XP level 7. HP: 55/56 MP: 7/7
  2895 | D:5      | Entered Level 5 of the Dungeon
  3260 | D:5      | Reached XP level 8. HP: 52/64 MP: 8/8
  3367 | D:5      | Reached skill level 6 in Fighting
  3806 | D:6      | Found a staircase to the Ecumenical Temple.
  3819 | Temple   | Entered the Ecumenical Temple
  4073 | Temple   | Became a worshipper of Warmaster Okawaru
  4321 | D:6      | Reached skill level 5 in Shields
  4475 | D:6      | Reached * piety under Okawaru
  4523 | D:6      | Reached XP level 9. HP: 71/71 MP: 9/9
  4929 | D:3      | Found a faded altar of an unknown god.
  5072 | D:3      | Found a sparkling altar of Nemelex Xobeh.
  5355 | D:7      | Reached skill level 1 in Invocations
  5795 | D:7      | Reached ** piety under Okawaru
  6416 | D:8      | Noticed a troll
  7529 | D:9      | Reached XP level 10. HP: 75/77 MP: 12/12
  7543 | D:9      | Noticed a two-headed ogre
  7564 | D:9      | Killed a two-headed ogre
  7565 | D:9      | Reached skill level 10 in Staves
  7600 | D:9      | Found Erchu's Weapon Shop.
  7602 | D:9      | Found a staircase to the Orcish Mines.
  8025 | D:9      | Reached skill level 7 in Fighting
  8131 | D:9      | Reached *** piety under Okawaru
  8177 | D:9      | Received a gift from Okawaru
  8204 | D:9      | Reached **** piety under Okawaru
  8205 | D:9      | Reached XP level 11. HP: 45/85 MP: 13/13
  8452 | D:9      | Found the +4 Cigotuvi's embrace {rMiasma Drain rN+}
  8489 | D:9      | Reached skill level 8 in Fighting
  8921 | D:10     | Entered Level 10 of the Dungeon
  9248 | D:10     | Reached skill level 10 in Shields
  9596 | D:11     | Found Dulywk's Assorted Antiques.
  9666 | D:11     | Reached ***** piety under Okawaru
  9682 | D:11     | Found a staircase to the Lair.
  9683 | D:11     | Noticed a death yak
  9683 | D:11     | Noticed a death yak
  9685 | D:11     | Noticed a death yak
  9696 | D:11     | Killed a death yak
  9705 | D:11     | Killed a death yak
  9710 | D:11     | Killed a death yak
  9711 | D:11     | Reached skill level 9 in Fighting
 10071 | D:11     | Found a shimmering altar of Xom.
 10150 | D:11     | Noticed a two-headed ogre
 10167 | D:11     | Killed a two-headed ogre
 10167 | D:11     | Received a gift from Okawaru
 10186 | D:11     | Identified the +11 executioner's axe "Demonslayer" {vorpal,
                  | rC+ Int+4} (Okawaru gifted it to you on level 11 of the
                  | Dungeon)
 10186 | D:11     | Received a gift from Okawaru
 10187 | D:11     | Reached XP level 12. HP: 79/96 MP: 14/14
 10295 | D:11     | Noticed a boulder beetle
 10310 | D:11     | Killed a boulder beetle
 10419 | D:9      | Bought a +4 lajatang of electrocution for 654 gold pieces
 10750 | D:11     | Noticed a two-headed ogre
 10760 | D:11     | Killed a two-headed ogre
 10829 | D:11     | Noticed a two-headed ogre
 10830 | D:11     | Noticed a two-headed ogre
 10830 | D:11     | Noticed a two-headed ogre
 10837 | D:11     | Killed a two-headed ogre
 10838 | D:11     | Reached skill level 10 in Fighting
 10845 | D:11     | Killed a two-headed ogre
 10850 | D:11     | Killed a two-headed ogre
 10857 | D:11     | Noticed a two-headed ogre
 10861 | D:11     | Identified the +0 plate armour "Lyeck" {Harm Regen+}
                  | (Okawaru gifted it to you on level 11 of the Dungeon)
 10861 | D:11     | Received a gift from Okawaru
 10864 | D:11     | Killed a two-headed ogre
 10868 | D:11     | Reached skill level 11 in Fighting
 10888 | D:11     | Noticed a boulder beetle
 10899 | D:11     | Killed a boulder beetle
 11111 | D:11     | Reached XP level 13. HP: 86/107 MP: 15/15
 11500 | D:11     | Noticed a centaur warrior
 11515 | D:11     | Killed a centaur warrior
 11516 | D:11     | Reached skill level 12 in Fighting
 11516 | D:11     | Noticed a boulder beetle
 11551 | D:11     | Killed a boulder beetle
 11563 | D:11     | Received a gift from Okawaru
 11871 | Lair:1   | Entered Level 1 of the Lair of Beasts
 11871 | Lair:1   | Noticed a six-headed hydra
 11878 | Lair:1   | Killed a six-headed hydra
 12904 | Lair:1   | Found the +8 whip "Snakebite" {venom, curare, rPois}
 13048 | Lair:2   | Reached skill level 13 in Fighting
 13544 | Lair:2   | Found a staircase to the Swamp.
 13855 | Lair:2   | Reached skill level 15 in Shields
 13857 | Lair:2   | Reached skill level 5 in Throwing
 14078 | Lair:2   | Noticed an eight-headed hydra
 14087 | Lair:2   | Killed an eight-headed hydra
 14088 | Lair:2   | Reached XP level 14. HP: 105/119 MP: 16/16
 14442 | Lair:3   | Received a gift from Okawaru
 14592 | Lair:3   | Received a gift from Okawaru
 14593 | Lair:3   | Reached skill level 14 in Fighting
 15232 | Lair:3   | Got the Disquisition on Air
 15872 | Lair:4   | Found a hole to the Spider Nest.
 15952 | Lair:4   | Reached skill level 5 in Armour
 17042 | Lair:5   | Reached skill level 5 in Invocations
 17054 | Lair:5   | Received a gift from Okawaru
 17056 | Lair:5   | Reached skill level 15 in Fighting
 17807 | Lair:6   | Entered Level 6 of the Lair of Beasts
 17816 | Lair:6   | Received a gift from Okawaru
 17835 | Lair:6   | Reached ****** piety under Okawaru
 18142 | Lair:6   | Found a staircase to the Slime Pits.
 18432 | Lair:6   | Reached XP level 15. HP: 116/129 MP: 19/19
 19174 | Lair:6   | Found the ring of the Octopus King
 19179 | Lair:6   | Identified a ring of the Octopus King {rCorr AC+1 EV+1
                  | Str+1 Int+1 Dex+1}
 19571 | Lair:6   | Received a gift from Okawaru
 20244 | Orc:1    | Entered Level 1 of the Orcish Mines
 20337 | Orc:2    | Entered Level 2 of the Orcish Mines
 20413 | Orc:2    | Noticed an orc warlord
 20432 | Orc:2    | Killed an orc warlord
 20584 | Orc:2    | Found Kookhlin's General Store.
 20671 | Orc:2    | Noticed an orc warlord
 20683 | Orc:2    | Killed an orc warlord
 20692 | Orc:2    | Reached skill level 16 in Fighting
 20801 | Orc:2    | Found a staircase to the Elven Halls.
 20940 | Orc:2    | Found Xoopn's Magic Scroll Shoppe.
 20960 | Orc:2    | Bought a scroll of enchant armour for 90 gold pieces
 20973 | Orc:2    | Found a radiant altar of Vehumet.
 20974 | Orc:2    | Noticed Erolcha
 20978 | Arena    | Entered the Arena
 20981 | Arena    | Killed Erolcha
 21117 | Orc:2    | Found Kaufug's Book Emporium.
 21127 | Orc:2    | Noticed Nergalle
 21131 | Orc:2    | Found an ancient bone altar of Kikubaaqudgha.
 21137 | Orc:2    | Killed Nergalle
 21155 | Orc:2    | Found Gupric's Jewellery Shoppe.
 21169 | Orc:2    | Found Ogoudi's Antique Weapon Emporium.
 22355 | D:12     | Reached skill level 10 in Armour
 22543 | D:12     | Received a gift from Okawaru
 22544 | D:12     | Reached XP level 16. HP: 139/139 MP: 23/23
 22793 | D:13     | Found a gate to the Vaults.
 22822 | D:12     | Reached skill level 10 in Invocations
 23079 | D:12     | Received a gift from Okawaru
 24056 | D:13     | Received a gift from Okawaru
 24084 | D:13     | Reached skill level 17 in Fighting
 24514 | D:13     | Received a gift from Okawaru
 25266 | D:13     | Upgraded the game from 0.28-a0-687-gb91baff9cc to
                  | 0.28-a0-691-gad6df49e81
 25344 | D:14     | Received a gift from Okawaru
 26085 | D:14     | Received a gift from Okawaru
 26383 | D:15     | Entered Level 15 of the Dungeon
 26385 | D:15     | Found Gozag's Platinum Reserve.
 26385 | D:15     | Found an opulent altar of Gozag.
 26417 | D:15     | Found Lomaaji's General Store.
 26473 | D:15     | Found a flickering gateway to a bazaar.
 26482 | Bazaar   | Entered a bazaar
 26482 | Bazaar   | Found Paegiloi's Antique Weapon Shoppe.
 26527 | Bazaar   | Found Iwin's Magic Scroll Boutique.
 26538 | Bazaar   | Found Buhaimem's General Store.
 26546 | Bazaar   | Found Hoily's Jewellery Emporium.
 26557 | Bazaar   | Found Xoimpat's Antique Armour Boutique.
 26583 | Bazaar   | Bought a masterwork plate armour for 532 gold pieces
 26583 | Bazaar   | Identified the +10 plate armour "Pumog" {Harm} (You bought
                  | it in a shop in a bazaar)
 26602 | Bazaar   | Bought a scroll of fog for 26 gold pieces
 26602 | Bazaar   | Bought a scroll of magic mapping for 45 gold pieces
 26602 | Bazaar   | Bought a scroll of enchant armour for 97 gold pieces
 26629 | D:15     | Reached skill level 1 in Dodging
 26681 | D:15     | Received a gift from Okawaru
 26950 | D:15     | Received a gift from Okawaru
 27360 | D:15     | Found a staircase to the Depths.
 27371 | D:15     | Gained mutation: You are frail. (-10% HP) [a shining eye]
 27372 | D:15     | Reached skill level 1 in Evocations
 27377 | D:15     | Gained mutation: Your body sometimes deteriorates upon
                  | taking damage. [a shining eye]
 27380 | D:15     | Reached XP level 17. HP: 111/133 MP: 25/25
 27554 | Orc:2    | Bought 2 potions of mutation for 224 gold pieces
 27554 | Orc:2    | Lost mutation: You are frail. (-10% HP) [potion of
                  | mutation]
 27554 | Orc:2    | Lost mutation: Your body sometimes deteriorates upon taking
                  | damage. [potion of mutation]
 27554 | Orc:2    | Gained mutation: Your muscles are strong. (Str +2) [potion
                  | of mutation]
 27760 | Spider:1 | Entered Level 1 of the Spider Nest
 28483 | Spider:1 | You fall into a shaft and drop 1 floor!
 30114 | Spider:2 | Reached skill level 5 in Dodging
 30533 | Spider:3 | Reached skill level 5 in Evocations
 31387 | Spider:3 | Received a gift from Okawaru
 32280 | Spider:3 | HP: 4/148 [tarantella (4)]
 32281 | Spider:3 | Slain by a jumping spider

Illustrated notes

Levels and vault maps discovered:
D:1:      lightli_arrival_chessboard, layout_loops_ring
D:2:      layout_rooms, minmay_fractal_squares_gapless_5, uniq_sigmund
D:3:      layout_basic, mainiacjoe_overflow_alcove_1,
          chequers_ecumenical_altar_simple
D:4:      layout_loops_corners
D:5:      layout_cave_pods, solitary_fountain
D:6:      layout_cave_pools, minmay_temple_entry_stoned_glass,
          chequers_serial_rivers_room_a, nicolae_benzene_ring
D:7:      layout_basic
D:8:      layout_basic, minmay_unpleasant_kobolds
D:9:      layout_long_grid, orc_david_3, st_stairs_9,
          hellmonk_guarded_unrand_cigotuvi
D:10:     layout_loops_cross, kennysheep_another_room,
          minmay_misc_feat_nine_boxes
D:11:     minmay_the_grid_4x2 [minmay_the_grid_tri_star,
          minmay_the_grid_outer_circle, minmay_the_grid_x,
          minmay_the_grid_expand, minmay_the_grid_large_cup,
          minmay_the_grid_doors, minmay_the_grid_rooms,
          minmay_the_grid_prize_big_room], layout_irregular_city,
          dpeg_lair_monsters, serial_shops, nicolae_stop_n_shop_1,
          corexii_leaking_fountain, led_xom_imps
D:12:     layout_loops_ring
D:13:     layout_stronghold, lightli_vaults_fourway_checkpoint,
          serial_bayou_lagoon_a
D:14:     layout_grid_maze, kennysheep_nondescript
D:15:     gammafunk_enter_depths_forms, layout_layer_cave,
          nicolae_gozag_zags_fifth_avenue, serial_shops, bzr_firewalk,
          nicolae_shop_stone
Temple:   nicolae_temple_the_god_donut
Lair:1:   minmay_guarded_unrand_snakebite, layout_loops_ring
Lair:2:   layout_regular_city, minmay_swamp_entry_eels, lemuel_fruit_fields
Lair:3:   layout_chaotic_city, kennysheep_abandoned_house
Lair:4:   layout_layer_cave, spider_nest_entry_rubble,
          cheibrodos_lair_reptile_den
Lair:5:   layout_regular_city
Lair:6:   gammafunk_lair_ancient_temple, layout_cave_shapes,
          minmay_slime_entry_oklob_open, minmay_lair_oklob_bushes,
          serial_bayou_ford_a
Spider:1: layout_spider_delve, nicolae_spider_webs_and_nodes
Spider:2: layout_spider_delve, nicolae_spider_paper_wasps
Spider:3: layout_spider_delve, drop_trap, nicolae_spider_twisty_arc_passages
Orc:1:    layout_caves, minmay_orc_treasury
Orc:2:    kennysheep_orc_mage_school, layout_diamond_mine, serial_shops, shop,
          nicolae_orc_lost_temple

Skill      XL: |  1  2  3  4  5  6  7  8  9 10 11 12 13 14 15 16 17 |
---------------+----------------------------------------------------+-----
Staves         | 4 5 6 8 9 11 13 14 | 14.0
Fighting       | 4 5 6 7 9 11 13 15 16 17 | 17.4
Throwing       | 1 2 5 7 |  7.5
Shields        | 5 7 9 10 13 15 | 15.0
Invocations    | 3 6 9 11 | 11.2
Armour         | 7 10 12 14 | 14.0
Dodging        | 3 6 |  6.4
Evocations     | 1 6 |  6.7

Action                   |  1- 3 |  4- 6 |  7- 9 | 10-12 | 13-15 | 16-18 || total
-------------------------+-------+-------+-------+-------+-------+-------++-------
Melee: Quarterstaff      |    98 |    54 |   169 |   204 |    17 |    10 ||   552
       Lajatang          |       |       |       |   116 |  1034 |   754 ||  1904
Throw: Dart              |     9 |       |    11 |    18 |    18 |     7 ||    63
       Throwing net      |       |       |       |     2 |       |       ||     2
       Boomerang         |       |       |       |       |    59 |    45 ||   104
Invok: Heroism           |       |       |     1 |     5 |    12 |     3 ||    21
       Finesse           |       |       |       |       |     1 |     1 ||     2
       Duel              |       |       |       |       |     1 |       ||     1
 Abil: Dig               |       |       |     1 |       |     4 |     1 ||     6
Evoke: Wand              |       |       |       |     5 |     2 |    22 ||    29
       Condenser vane    |       |       |       |       |       |     2 ||     2
       Phial of floods   |       |       |       |       |       |     1 ||     1
  Use: Scroll            |       |     2 |     2 |     8 |    14 |     7 ||    33
       Potion            |       |       |       |     1 |     1 |     8 ||    10
 Stab: Distracted        |       |       |     3 |     1 |     1 |       ||     5
       Held in net/web   |       |       |       |     2 |       |     2 ||     4
       Confused          |       |       |       |       |       |     7 ||     7
Armor: Scale mail        |    35 |    26 |    33 |       |       |       ||    94
       Plate armour      |       |       |    37 |    76 |       |       ||   113
       Leather armour    |       |       |       |    54 |   260 |    44 ||   358
       Crystal plate arm |       |       |       |       |       |   454 ||   454
Dodge: Dodged            |    44 |    24 |    37 |    71 |   277 |   238 ||   691
Block: Buckler           |    16 |    11 |    30 |       |       |       ||    57
       Tower shield      |       |       |     7 |   268 |   905 |   752 ||  1932

Table legend: (Time is in decaauts)
 A = Elapsed time spent in this place.
 B = Non-inter-level travel time spent in this place.
 C = Inter-level travel time spent in this place.
 D = Time resting spent in this place.
 E = Time spent auto-exploring this place.
 F = Levels seen in this place.
 G = Mean time per level.
                   A        B        C        D        E       F      G
               +--------+--------+--------+--------+--------+-----+--------+
         Total |  31758 |  29565 |   2193 |   2644 |  22138 |  29 | 1095.1 |
       Dungeon |  17590 |  16072 |   1518 |   1315 |  12124 |  15 | 1172.7 |
        Temple |    263 |    251 |     12 |      0 |    220 |   1 |  263.0 |
          Lair |   8002 |   7540 |    462 |    344 |   6073 |   6 | 1333.7 |
   Spider Nest |   4434 |   4371 |     63 |    985 |   2783 |   3 | 1478.0 |
  Orcish Mines |   1327 |   1191 |    136 |      0 |    851 |   2 |  663.5 |
        Bazaar |    127 |    127 |      0 |      0 |     86 |   1 |  127.0 |
         Arena |     11 |     11 |      0 |      0 |      0 |   1 |   11.0 |
               +--------+--------+--------+--------+--------+-----+--------+

Top non-repeatable levels by time:
  Lair:6: 2252 daAuts
Spider:2: 2155 daAuts
    D:11: 2100 daAuts
    D:13: 2014 daAuts
     D:9: 1739 daAuts
Spider:1: 1594 daAuts
    D:12: 1412 daAuts
  Lair:5: 1364 daAuts
  Lair:2: 1333 daAuts
     D:7: 1271 daAuts
   Orc:2: 1228 daAuts
     D:8: 1139 daAuts
    D:14: 1087 daAuts
  Lair:4: 1061 daAuts
     D:4: 1032 daAuts
